cohdb
Replays
Latest Replays
All Replays
Popular Replays
Top Player Replays
Match Explorer
How It Works
Community
CoH3 Stats
Reddit
Sign in to upload your games and track your stats! →
Sign in with Steam
Match 46785539
Unlisted
Match 46785539
Overview
Messages
Build Orders
End
Construct Barracks
Selects Advanced Infantry Battlegroup
Riflemen Squad
M1 Mortar Team
M1 Mortar Team
Riflemen Squad
Construct Medical Station
Infantry Support Center
Selects Convert to Ranger Squad
Riflemen Squad
Convert to Ranger Squad
Grenade Package
Advanced Logistics
Munitions Surplus
Selects Frontline Medical Station
Ranger Squad
Survival Training
Construct Weapon Support Center
Selects Ranger Weapon Training
Convert to Ranger Squad
Improved M9 Bazooka Rockets
Construct Tank Depot
Engineer Squad
Selects Artillery Observers
Selects M2A1 105mm Howitzer Emplacement
M4(105) Sherman Bulldozer
M4(105) Sherman Bulldozer
.30 cal Machine Gun
Selects Free Fire Drills
Convert to Ranger Squad
Ranger Squad
Frontline Medical Station
Ranger Squad
TeamSpeakUser
LITTLE TRICKSTER
Da Cracka Whacka
Mr. Refreshing
Yoshiii
Nakovalny
zoomy2
Heart scratch
0
0
Comments
sign in to comment!
No comments posted yet!